 Dungeon Crawl Stone Soup version 0.27.0-1-g7a089689b8 (webtiles) character file.

Game seed: 11038546963638676239

2608 robertstho the Thaumaturge (level 9, -1/62 HPs)
             Began as a Djinni Fire Elementalist on Aug 17, 2021.
             Was an Initiate of Gozag.
             Shot with a sling bullet by Joseph (13 damage)
             ... on level 7 of the Dungeon.
             The game lasted 00:11:56 (8774 turns).

robertstho the Thaumaturge (DjFE)                   Turns: 8774, Time: 00:11:56

Health: -1/62      AC:  6    Str:  7    XL:     9   Next: 90%
Gold:   204        EV: 13    Int: 19    God:    Gozag SH:  0 Dex: 15

rFire    + + +     SeeInvis .   i - +1 short sword
rCold    x x .     Faith    .   (no shield)
rNeg     . . .     Spirit   .   v - +1 robe
rPois    ∞         Reflect  .   (no helmet)
rElec    .         Harm     .   p - +2 cloak
rCorr    .         Rampage  .   (no gloves)
Will     .....                  (boots unavailable)
Stlth    ++........             (no amulet)
HPRegen  0.20/turn              l - ring of fire
MPRegen  0.00/turn              h - ring of wizardry

@: attractive, flying
A: sickness immunity, fire resistance 2, cold vulnerability 1, float, innate
caster, hp casting, extra vitality 1
a: Renounce Religion, Potion Petition, Call Merchant, Bribe Branch


You were on level 7 of the Dungeon.
You worshipped Gozag.
Gozag was aware of your devotion.
You visited 2 branches of the dungeon, and saw 8 of its levels.

You collected 275 gold pieces.
You paid 71 gold pieces to Gozag.

Inventory:

Hand Weapons
 i - a +1 short sword (weapon)
Armour
 p - a +2 cloak (worn)
 v - a +1 robe (worn)
Jewellery
 h - a ring of wizardry (right hand)
 l - a ring of fire (left hand)
Wands
 k - a wand of iceblast (8)
 r - a wand of mindburst (25)
 t - a wand of paralysis (13)
Scrolls
 f - 2 scrolls of enchant weapon
 u - a scroll of enchant armour
Potions
 b - 3 potions of curing
 c - 4 potions of haste {unknown}
 d - a potion of lignification {unknown}
 e - a potion of might {unknown}
 j - a potion of invisibility {unknown}
 n - a potion of heal wounds {unknown}
 o - 3 potions of degeneration {unknown}
 q - a potion of berserk rage


   Skills:
 * Level 4.1 Fighting
 + Level 2.6 Short Blades
 + Level 3.5 Dodging
 + Level 3.1 Stealth
 * Level 8.7 Spellcasting
 + Level 0.5 Evocations


You couldn't memorise any spells.
You knew the following spells:

 Your Spells              Type           Power      Damage    Failure   Level
a - Foxfire               Conj/Fire      100%       2x1d9     1%          1
b - Conjure Flame         Conj/Fire      58%        6-21      1%          3
c - Inner Flame           Hex/Fire       58%        N/A       1%          3
d - Sticky Flame          Conj/Fire      58%        2d7       1%          4
e - Fireball              Conj/Fire      29%        3d13      2%          5
f - Summon Small Mammal   Summ           100%       N/A       1%          1
g - Ensorcelled Hibernat  Hex/Ice        82%        N/A       1%          2
h - Gell's Gravitas       Tloc           20%        N/A       1%          3
i - Summon Lightning Spi  Summ/Air       41%        N/A       1%          4
Your spell library was empty.

Dungeon Overview and Level Annotations

Branches:
Dungeon (7/15)             Temple (1/1) D:6

Altars:
Ashenzari
Cheibriados
Dithmenos
Elyvilon
Fedhas
Gozag
Kikubaaqudgha
Makhleb
Nemelex Xobeh
Okawaru
Qazlal
Ru
Sif Muna
Trog
Uskayaw
Vehumet
Wu Jian
Xom
Yredelemnul
Zin

Shops:
D:4 :

Annotations:
D:7 Joseph


Innate Abilities, Weirdness & Mutations

You are immune to sickness and miasma.
You are immune to poison.
Your flesh is very heat resistant. (rF++)
You are vulnerable to cold. (rC-)
You float through the air rather than walking.
You learn spells naturally, not from books.
Your magical power is your life essence.
You have superior vitality. (+4 HP)


Message History

Casting: Fireball (dangerous; 2% risk of failure)
Confirm with . or Enter, or press ? or * to list all spells.
An electric hum fills the air.
Joseph shoots a sling bullet.
The sling bullet hits your lightning spire.
Unknown command.
Joseph shoots a sling bullet.
The sling bullet hits your lightning spire!
Your lightning spire shoots out a bolt of lightning at Joseph!
The bolt of electricity misses Joseph.
Joseph shoots a sling bullet.
The sling bullet hits your lightning spire!
Your lightning spire is destroyed!
Joseph shoots a sling bullet.
The sling bullet barely misses you.
Casting: Summon Lightning Spire (dangerous; 1% risk of failure)
Confirm with . or Enter, or press ? or * to list all spells.
An electric hum fills the air.
Joseph shoots a sling bullet.
The sling bullet hits you!
Casting: Summon Lightning Spire (dangerous; 1% risk of failure)
Confirm with . or Enter, or press ? or * to list all spells.
Aiming: Fireball (dangerous; 2% risk of failure)
Press: ? - help, Shift-Dir - straight line, f/p - Joseph
Aim: Joseph, wielding a +0 hunting sling, wearing a +0 leather armour and quivering sling bullets (ally target)
You feel a surge of power!
The fireball explodes!
The fireball engulfs Joseph!!
Joseph is moderately wounded.
Joseph shoots a sling bullet.
The sling bullet hits you!
Casting: Fireball (dangerous; 2% risk of failure)
Confirm with . or Enter, or press ? or * to list all spells.
Aiming: Fireball (dangerous; 2% risk of failure)
Press: ? - help, Shift-Dir - straight line, f/p - Joseph
Aim: Joseph, wielding a +0 hunting sling, wearing a +0 leather armour and quivering sling bullets (moderately wounded, ally target)
You feel a surge of power!
The fireball explodes!
The fireball engulfs Joseph!!
Joseph is heavily wounded.
Joseph shoots a sling bullet.
The sling bullet hits you!
* * * LOW HITPOINT WARNING * * *
Your magical contamination has completely faded away.
It was a potion of attraction.
You feel attractive to monsters.
Joseph shoots a sling bullet.
The sling bullet hits you!
You die...
Your body crumbles into a pile of gold.

#### #....####
#.##....########
#..
###........#####
#.##.......##.[...<
#.@#8####..##.#####
##...# #.##..#
##..# ##...<## #@.#
#...### ....# #.#.#
.@###.. #...# $ ..#
.......## # #$#....
#.....( $


You could see Joseph.

Vanquished Creatures
  Pikel (D:5)
  Sigmund (D:6)
  Eustachio (D:5)
  2 yaks (D:5)
  A water moccasin (D:5)
  A black bear (D:6)
  Duvessa (D:6)
  An ice beast (D:7)
  A sky beast (D:6)
  An ogre (D:5)
  A centaur (D:6)
  A lemure (D:5)
  Blork the orc (D:5)
  A scorpion (D:6)
  Dowan (D:6)
  2 water moccasin skeletons (D:5)
  A bullfrog zombie (D:5)
  2 hounds
  A centaur zombie (D:6)
  A bullfrog skeleton (D:5)
  2 orc priests
  A jelly (D:5)
  Crazy Yiuf (D:6)
  Ijyb (D:5)
  2 iguanas (D:4)
  A howler monkey skeleton (D:4)
  4 gnolls (D:6)
  4 adders
  2 adder skeletons (D:4)
  A dart slug (D:1)
  5 orcs
  8 ball pythons
  4 bats
  5 endoplasms
  3 giant cockroaches
  3 goblins
  7 hobgoblins
  5 quokkas
  5 frilled lizards (D:1)
  5 kobolds
  4 rats (D:1)
96 creatures vanquished.

Vanquished Creatures (collateral kills)
  A yak (D:5)
  A bullfrog (D:6)
  A scorpion (D:5)
  A bullfrog skeleton (D:6)
  A shadow imp (D:5)
  4 orcs
9 creatures vanquished.

Vanquished Creatures (others)
  424 foxfires
424 creatures vanquished.

Grand Total: 529 creatures vanquished

Notes
Turn   | Place    | Note
-------+----------+-------------------------------------------
     0 | D:1      | robertstho the Djinni Fire Elementalist began the quest for
                  | the Orb.
     0 | D:1      | Reached XP level 1. HP: 15/15 MP: 0/0
   380 | D:1      | Reached XP level 2. HP: 18/21 MP: 0/0
   712 | D:1      | Reached skill level 3 in Spellcasting
  1079 | D:1      | Reached XP level 3. HP: 20/25 MP: 0/0
  1079 | D:1      | Learned a level 1 spell: Summon Small Mammal
  1184 | D:1      | Found a faded altar of an unknown god.
  2828 | D:3      | Reached XP level 4. HP: 28/31 MP: 0/0
  3178 | D:4      | Reached skill level 4 in Spellcasting
  3178 | D:4      | Reached XP level 5. HP: 24/36 MP: 0/0
  3178 | D:4      | Learned a level 2 spell: Ensorcelled Hibernation
  3474 | D:4      | Found Jiefodom's Self-Improvement Boutique.
  3525 | D:4      | Reached skill level 1 in Fighting
  3875 | D:4      | Reached XP level 6. HP: 31/42 MP: 0/0
  4173 | D:5      | Entered Level 5 of the Dungeon
  4233 | D:5      | Noticed Blork the orc
  4247 | D:5      | Killed Blork the orc
  4248 | D:5      | Reached skill level 5 in Spellcasting
  4545 | D:5      | Reached XP level 7. HP: 24/47 MP: 0/0
  4545 | D:5      | Learned a level 3 spell: Gell's Gravitas
  4805 | D:5      | Noticed a water moccasin
  4811 | D:5      | Killed a water moccasin
  4899 | D:5      | Noticed a yak
  4901 | D:5      | Noticed Eustachio
  4901 | D:5      | Noticed a yak
  4903 | D:5      | Noticed a yak
  4914 | D:5      | Killed Eustachio
  4915 | D:5      | Reached skill level 1 in Short Blades
  4915 | D:5      | Reached skill level 6 in Spellcasting
  4915 | D:5      | Reached XP level 8. HP: 46/54 MP: 0/0
  4932 | D:5      | Killed a yak
  4942 | D:5      | Killed a yak
  5220 | D:5      | Noticed Pikel
  5239 | D:5      | Killed Pikel
  5240 | D:5      | Reached skill level 7 in Spellcasting
  5240 | D:5      | Reached XP level 9. HP: 24/60 MP: 0/0
  5240 | D:5      | Learned a level 4 spell: Summon Lightning Spire
  6000 | D:5      | Noticed Ijyb
  6007 | D:5      | Killed Ijyb
  6243 | D:6      | Noticed Duvessa
  6243 | D:6      | Noticed Dowan
  6251 | D:6      | Killed Duvessa
  6252 | D:6      | Killed Dowan
  6253 | D:6      | Reached skill level 8 in Spellcasting
  6950 | D:6      | Found a runed translucent door.
  6951 | D:6      | Noticed Crazy Yiuf
  7506 | D:6      | Found a glowing silver altar of Zin.
  7584 | D:6      | Noticed Sigmund
  7587 | D:6      | Killed Sigmund
  7929 | D:6      | Found a staircase to the Ecumenical Temple.
  8212 | Temple   | Entered the Ecumenical Temple
  8395 | Temple   | Became a worshipper of Gozag Ym Sagoz the Greedy
  8469 | D:6      | Killed Crazy Yiuf
  8762 | D:7      | Noticed Joseph
  8774 | D:7      | Shot with a sling bullet by Joseph

Illustrated notes

Levels and vault maps discovered:
D:1:      dpeg_arrival_shelter, layout_rooms,
          shapermc_ecumenical_altar_mp_highgroup
D:2:      layout_loops_cross, minmay_surrounded
D:3:      layout_rooms, lemuel_tele_altar
D:4:      layout_rooms, nicolae_shop_self_help
D:5:      layout_loops_corners, uniq_ijyb, uniq_blork_the_orc, uniq_eustachio,
          uniq_pikel
D:6:      layout_layer_cave, zin_statuary, lemuel_temple_firewalk_a,
          uniq_sigmund, uniq_duvessa, uniq_crazy_yiuf_cottage
D:7:      layout_rooms, lemuel_coloured_pillars_altar, uniq_joseph
Temple:   eino_narrow_crystal_temple

Skill      XL: |  1  2  3  4  5  6  7  8  9 |
---------------+----------------------------+-----
Spellcasting   | 3 4 5 6 7 8 |  8.7
Fighting       | 1 2 3 4 |  4.1
Stealth        | 2 3 |  3.1
Short Blades   | 1 2 |  2.6
Dodging        | 3 |  3.5
Evocations     | |  0.5

Action                   |  1- 3 |  4- 6 |  7- 9 || total
-------------------------+-------+-------+-------++-------
Melee: Short sword       |     2 |    11 |     4 ||    17
 Cast: Foxfire           |   115 |    91 |    55 ||   261
       Sticky Flame      |       |     5 |    12 ||    17
       Fireball          |       |       |    23 ||    23
       Summon Lightning  |       |       |    10 ||    10
Evoke: Wand              |       |       |     2 ||     2
  Use: Scroll            |       |     5 |     2 ||     7
       Potion            |       |       |     2 ||     2
 Stab: Distracted        |       |       |     1 ||     1
Armor: Robe              |     6 |     7 |     4 ||    17
Dodge: Dodged            |    11 |    13 |    22 ||    46
